 Dungeon Crawl Stone Soup version 0.19-a0-1068-g99dd0f4 (webtiles) character file.

4442 Leszczynek the Martial Artist (level 10, 0/80 HPs)
             Began as a Mummy Monk on Aug 4, 2016.
             Slain by a queen bee (18 damage)
             ... on level 9 of the Dungeon.
             The game lasted 01:05:41 (22199 turns).

Leszczynek the Martial Artist (Mummy Monk)         Turns: 22199, Time: 01:05:41

Health: 0/80       AC:  0    Str: 14      XL:     10   Next: 15%
Magic:  10/10      EV: 16    Int:  9      God:
Gold:   275        SH:  7    Dex: 16 (19) Spells: 0 memorised, 9 levels left

rFire  x . .     SeeInvis .       - Unarmed
rCold  + . .     Gourm    .     (no armour)
rNeg   + + +     Faith    .     k - +2 buckler
rPois  ∞         Spirit   .     (no helmet)
rElec  .         Dismiss  .     (no cloak)
rCorr  +         Reflect  .     (no gloves)
SustAt .         Harm     .     (no boots)
MR     +....                    (no amulet)
Stlth  ++........               (no ring)
                                e - ring of resist corrosion

@:
A: no food or potions, fire vulnerability, cold resistance 1, negative energy
resistance 3, torment resistance, unbreathing
a: no special abilities


You were on level 9 of the Dungeon.
You were not hungry.

You visited 1 branch of the dungeon, and saw 10 of its levels.

You collected 275 gold pieces.

Inventory:

Armour
 k - a +2 buckler (worn)
Jewellery
 e - a ring of resist corrosion (left hand)
Scrolls
 a - a scroll of holy word {unknown}
 b - 2 scrolls of amnesia
 c - a scroll of immolation {unknown}
 d - a scroll of vulnerability {unknown}
 f - 2 scrolls of magic mapping
 g - a scroll of teleportation
 j - a scroll of fear
 l - 3 scrolls of enchant weapon {unknown}
Comestibles
 i - a beef jerky (quivered)


   Skills:
 + Level 7.7 Fighting
 + Level 6.0 Dodging
 - Level 2.5 Stealth
 - Level 4.1 Shields
 * Level 8.6 Unarmed Combat


You had 9 spell levels left.
You didn't know any spells.

Dungeon Overview and Level Annotations

Branches:
Dungeon (10/15)            Temple (0/1) D:6
   Lair: D:8-11         Orc: D:9-12

Altars:
Cheibriados
Nemelex Xobeh

Shops:
D:5 =

Annotations:
D:1 exclusion: downstairs
D:4 3x orc priest, orc wizard
D:6 poirepourri's ghost, novice MiFi
D:8 bear, 3+ bees, gnoll srg pack, Pikel
D:9 hive, exclusions: black bear and 5 more exclusions, Gastronok


Innate Abilities, Weirdness & Mutations

You do not eat or drink.
Your flesh is vulnerable to fire.
You are immune to poison.
Your flesh is cold resistant. (rC+)
You are immune to negative energy. (rN+++)
You are immune to unholy pain and torment.
You can survive without breathing.


Message History

Unknown command.
You can't drink.
You barely miss the queen bee.
The queen bee is moderately wounded.
You block the queen bee's attack.
You hit the queen bee.
The queen bee is moderately wounded.
You barely miss the queen bee.
The queen bee is moderately wounded.
The queen bee closely misses you.
You closely miss the queen bee.
The queen bee is moderately wounded.
You block the queen bee's attack.
The howler monkey hoots and howls with incredible vigour!
You hear an angry hiss.
You hear a loud, deep croak!
You hear a shout! x4
You hear an angry buzzing noise.
You hit the queen bee but do no damage.
The queen bee is moderately wounded.
The queen bee stings you!!
You die...

#..# #...#
#..##########...##
#.................
#.################
#.# #.# #.# #g#
#@# #y# ####
#h############$..#
#.#.......†......#
#.....h.####......
#.......# #......
#.##....####.....#
#.##.####.#.###..#
#.##.# #.#.## .##


You could see a queen bee, a howler monkey and a gnoll.

Vanquished Creatures
  3 hippogriffs
  3 hungry ghosts
  An ice beast (D:9)
  A sky beast (D:5)
  2 slaves
  A black bear (D:9)
  2 phantoms
  A necrophage (D:9)
  6 ogres
  4 centaurs
  4 giant frogs
  A gnoll sergeant (D:8)
  4 scorpions
  5 killer bees (D:9)
  A howler monkey (D:9)
  3 crimson imps
  2 quasits
  A centaur zombie (D:9)
  2 giant frog zombies
  2 giant frog skeletons (D:5)
  3 orc priests
  9 orc wizards
  4 hounds
  3 iguanas
  5 worker ants
  A hound zombie (D:6)
  4 hound skeletons
  A howler monkey skeleton (D:8)
  A howler monkey zombie (D:8)
  12 gnolls
  2 worker ant zombies
  20 adders
  A shadow imp (D:9)
  3 oozes
  An adder skeleton (D:6)
  2 worms
  2 dart slugs
  3 giant geckos
  43 orcs
  3 giant cockroaches
  8 goblins
  6 hobgoblins
  11 jackals
  7 kobolds
  A quokka (D:5)
  2 ball pythons
  A ball python zombie (D:5)
  5 bats
  11 giant newts
  A jackal zombie (D:5)
  A quokka skeleton (D:9)
  A quokka zombie (D:7)
  10 rats
237 creatures vanquished.

Notes
Turn   | Place    | Note
-------+----------+-------------------------------------------
     0 | D:1      | Leszczynek the Mummy Monk began the quest for the Orb.
     0 | D:1      | Reached XP level 1. HP: 18/18 MP: 1/1
   727 | D:1      | Reached XP level 2. HP: 19/24 MP: 2/2
   805 | D:1      | adder on d:1
   805 | D:1      | uh huh
   813 | D:1      | gg
   829 | D:1      | Reached skill level 3 in Unarmed Combat
  1053 | D:1      | Reached skill level 2 in Stealth
  1646 | D:1      | Reached XP level 3. HP: 29/29 MP: 3/3
  3283 | D:2      | Reached XP level 4. HP: 27/35 MP: 4/4
  3704 | D:3      | Reached skill level 4 in Unarmed Combat
  4190 | D:3      | adder number two
  4832 | D:2      | Reached XP level 5. HP: 14/41 MP: 5/5
  5066 | D:2      | Found a faded altar of an unknown god.
  5473 | D:4      | You fall through a shaft for 2 floors!
  5640 | D:6      | Found a staircase to the Ecumenical Temple.
  5659 | D:5      | Entered Level 5 of the Dungeon
  5751 | D:5      | Reached skill level 5 in Unarmed Combat
  5907 | D:5      | Found Kuch's Jewellery Shop.
  5957 | D:5      | Found a sparkling altar of Nemelex Xobeh.
  6588 | D:4      | HP: 2/41 [scorpion (9)]
  6589 | D:4      | Reached XP level 6. HP: 3/47 MP: 6/6
  7397 | D:4      | ugh
  7517 | D:4      | Reached skill level 3 in Dodging
  8447 | D:4      | Reached skill level 1 in Shields
  8610 | D:5      | HP: 3/47 [centaur/shortbow (8)]
  8611 | D:5      | Reached XP level 7. HP: 4/52 MP: 7/7
  9333 | D:5      | Reached skill level 6 in Unarmed Combat
  9871 | D:5      | it only gets random energy in its favor
  9871 | D:5      | why not fall behind for a bit instead of hitting me every 30 turns or so?
  9946 | D:4      | just like that
 10375 | D:6      | Reached skill level 2 in Shields
 10424 | D:6      | Noticed poirepourri's ghost (novice MiFi)
 10912 | D:6      | Reached skill level 4 in Fighting
 11359 | D:6      | no plz
 12088 | D:7      | Reached skill level 3 in Shields
 12095 | D:7      | Noticed a hungry ghost
 12200 | D:7      | Killed a hungry ghost
 12275 | D:7      | Reached XP level 8. HP: 34/61 MP: 8/8
 12813 | D:8      | Reached skill level 5 in Fighting
 12894 | D:8      | storm dragon armour
 12894 | D:8      | w h y
 13045 | D:8      | Noticed Pikel
 13072 | D:8      | oops, bad rng
 14650 | D:5      | Reached skill level 4 in Shields
 14746 | D:5      | Reached skill level 7 in Unarmed Combat
 14747 | D:5      | 4th time's the charm
 15566 | D:6      | Reached skill level 6 in Fighting
 15897 | D:7      | Reached XP level 9. HP: 41/69 MP: 9/9
 16229 | D:7      | Reached skill level 4 in Dodging
 16744 | D:9      | oookay
 16744 | D:9      | a hive
 16745 | D:8      | Found a snail-covered altar of Cheibriados.
 17113 | D:9      | Noticed Gastronok
 17608 | D:9      | Reached skill level 8 in Unarmed Combat
 17778 | D:9      | Reached skill level 5 in Dodging
 18488 | D:9      | Reached skill level 7 in Fighting
 18497 | D:8      | HP: 7/72 [gnoll sergeant/stone (5)]
 20701 | D:9      | HP: 5/72 [killer bee (5)]
 20702 | D:9      | HP: 1/72 [killer bee (4)]
 20704 | D:9      | Reached XP level 10. HP: 1/79 MP: 10/10
 20751 | D:10     | Entered Level 10 of the Dungeon
 21707 | D:9      | Reached skill level 6 in Dodging
 22199 | D:9      | Slain by a queen bee

Vault maps used:
D:1:      scummos_arrival_star
D:2:      ecumenical_altar_1
D:5:      lemuel_doored_altar, first_bread, serial_shops,
          nicolae_shop_behind_doors
D:6:      abandoned_shop
D:8:      serial_curves, eino_curves_04, eino_curves_04, basic_altar, uniq_pikel
D:9:      david_orc_5, david_nohive_1, minmay_misc_feat_alley, minivault_24,
          uniq_gastronok
D:10:     uniq_nergalle, uniq_grum

Skill      XL: |  1  2  3  4  5  6  7  8  9 10 |
---------------+-------------------------------+-----
Unarmed Combat | 3 4 5 6 7 8 |  8.6
Stealth        | 2 |  2.5
Dodging        | 3 5 6 |  6.0
Shields        | 1 3 4 |  4.1
Fighting       | 4 6 7 |  7.7

Action                   |  1- 3 |  4- 6 |  7- 9 | 10-12 || total
-------------------------+-------+-------+-------+-------++-------
Melee: Unarmed           |   196 |   298 |   888 |   109 ||  1491
       Punch             |       |     5 |       |       ||     5
  Use: Scroll            |       |       |    18 |     1 ||    19
 Stab: Sleeping          |     4 |     4 |     4 |       ||    12
       Distracted        |       |       |     1 |       ||     1
Dodge: Dodged            |   109 |   148 |   426 |    64 ||   747
Block: Buckler           |       |    10 |   237 |    26 ||   273
